[Event "ESTCC U65 2018"]
[Site "Walbrzych"]
[Date "2018.04.15"]
[Round "2"]
[White "Baumbach, Friedrich"]
[Black "Alkkiomaki, Jyrki"]
[Result "0-1"]
[ECO "D30"]
[WhiteElo "2172"]
[BlackElo "1967"]
[Annotator "NA RC"]
[PlyCount "74"]
[EventDate "2018.??.??"]
[EventCountry "POL"]
[SourceTitle "playchess.com"]
[Source "ChessBase"]
[SourceQuality "1"]
[WhiteTeam "Germany"]
[BlackTeam "Finland"]
[WhiteTeamCountry "GER"]
[BlackTeamCountry "FIN"]
[TimeControl "40/5400+30:1800+30"]

1. d4 d5 2. c4 e6 3. Nf3 c5 4. cxd5 exd5 5. g3 Nc6 6. Bg2 Nf6 7. O-O Be7 8. dxc5 Bxc5 9. a3 O-O 10. b4 Bd6 11. Bb2 Re8 12. Nc3 Bc7 13. Nb5 Bb6 14. Qd3 Qe7 15. e3 Bg4 16. Nbd4 Nxd4 17. Nxd4 Qe5 18. Rac1 Qh5 $16 19. Rfe1 Rad8 20. a4 Rd7 21. a5 Bd8 22. Rc2 a6 23. Rec1 Rde7 24. Ne2 Bf5 25. Qd2 Bxc2 26. Rxc2 Ne4 27. Qd4 Nf6 28. Nf4 Qf5 29. Rc1 Rc7 30. Rxc7 Bxc7 31. Nxd5 Be5 32. Nxf6+ gxf6 33. Qd2 Qb1+ 34. Bc1 Rc8 35. Bxb7 Qxc1+ 36. Qxc1 Rxc1+ 37. Kg2 Rb1 0-1

[Event "ESTCC U65 2018"]
[Site "Walbrzych"]
[Date "2018.04.15"]
[Round "2"]
[White "Malmdin, Nils-Ake"]
[Black "Karppinen, Martti"]
[Result "1-0"]
[ECO "B00"]
[WhiteElo "2154"]
[BlackElo "1894"]
[Annotator "NA RC"]
[PlyCount "75"]
[EventDate "2018.??.??"]
[EventCountry "POL"]
[SourceTitle "playchess.com"]
[Source "ChessBase"]
[SourceQuality "1"]
[WhiteTeam "Sweden"]
[BlackTeam "Finland"]
[WhiteTeamCountry "SWE"]
[BlackTeamCountry "FIN"]
[TimeControl "40/5400+30:1800+30"]

1. e4 d6 2. d4 e5 3. Nf3 Bg4 4. dxe5 Bxf3 {[%emt 0:01:53] C41: Philidor Defence} (4... Nd7 5. exd6 Bxd6 6. Nc3 Ngf6 7. Be2 Qe7 8. Nd4 Bxe2 9. Qxe2 Bb4 10. O-O Bxc3 11. bxc3 O-O 12. f3 Qc5 13. Qe3 Rfe8 14. Nf5 {1-0 (27) Mareco,S (2591)-Tristan,L (2444) Buenos Aires 2011}) 5. gxf3 dxe5 6. Qxd8+ Kxd8 7. Rg1 Nd7 $146 ({Predecessor:} 7... Nc6 8. c3 f6 9. Be3 Nge7 10. Na3 a6 11. Nc2 Ng6 12. O-O-O+ {1-0 (33) Nieto Rubio,J (1901)-Pablos Ceruelo,O Madrid 2009}) 8. Nc3 c6 9. Be3 Kc7 10. O-O-O g6 11. Bh3 Ngf6 12. Bg5 h5 13. f4 Bh6 14. fxe5 Nxe5 15. Bxh6 $1 Rxh6 16. f4 Neg4 17. e5 Nf2 18. exf6 Nxh3 19. Rge1 Nxf4 20. Re7+ Kb6 21. Na4+ Ka5 22. Nc5 b6 23. Nb3+ Ka6 24. Rxf7 Nd5 25. c4 Ne3 $18 26. Rd4 g5 27. Re4 Ng4 28. Re6 Rg6 29. Nd4 c5 30. Nb5 Ka5 31. a3 a6 32. Nd6 Rb8 33. b3 Rh6 34. Kb2 Rg6 35. Kc3 Nf2 36. b4+ cxb4+ 37. axb4+ Ka4 38. Re1 1-0

[Event "ESTCC U65 2018"]
[Site "Walbrzych"]
[Date "2018.04.15"]
[Round "2"]
[White "Giulian, Philip M"]
[Black "Sorensen, Bent"]
[Result "1-0"]
[ECO "D46"]
[WhiteElo "2124"]
[BlackElo "2158"]
[Annotator "NA RC"]
[PlyCount "51"]
[EventDate "2018.??.??"]
[EventCountry "POL"]
[SourceTitle "playchess.com"]
[Source "ChessBase"]
[SourceQuality "1"]
[WhiteTeam "Scotland"]
[BlackTeam "Denmark"]
[WhiteTeamCountry "SCO"]
[BlackTeamCountry "DEN"]
[TimeControl "40/5400+30:1800+30"]

1. d4 d5 2. c4 e6 3. Nc3 c6 4. Nf3 Nf6 5. e3 Nbd7 6. Bd3 Bd6 7. e4 Nxe4 8. Nxe4 dxe4 9. Bxe4 c5 10. O-O Qc7 {[%emt 0:00:50] D46: Semi-Slav: 5 e3 Nbd7 6 Bd3, Black avoids the Meran} (10... O-O 11. Bc2 Qc7 12. Qd3 f5 13. Rd1 cxd4 14. Qxd4 Bc5 15. Qc3 a5 16. Be3 b6 17. Bxc5 bxc5 18. Ba4 Nb6 19. Bb5 Bd7 {1-0 (35) Fressinet,L (2712)-Hansen,C (2621) Oslo 2015}) 11. dxc5 {[%emt 0:21:06] LiveBook: 3 Games} Bxc5 12. b3 O-O $146 ({Predecessor:} 12... Nf6 13. Bc2 Qe7 14. Bb2 Ba3 15. Bc3 Bd7 16. Ne5 Bb4 17. Bb2 Ba3 18. Bxa3 Qxa3 {1-0 (62) Schmidt,G-Tresch,R (2312) Germany 2001}) 13. Bb2 f6 14. Rc1 Re8 15. Ng5 Nf8 16. Nxh7 Qf4 17. Bb1 Re7 18. Nxf8 Kxf8 19. Qh5 e5 20. Qh8+ Kf7 21. Bh7 Bh3 $18 (21... Bf5 22. Qxa8 Bxh7) 22. Qxa8 f5 23. Qg8+ Kf6 24. Qf8+ Kg5 25. Rc3 Bg4 26. Bc1 1-0

[Event "ESTCC U65 2018"]
[Site "Walbrzych"]
[Date "2018.04.15"]
[Round "2"]
[White "Rantanen, Veikko"]
[Black "Tichatschke, Wolfgang"]
[Result "1/2-1/2"]
[ECO "C09"]
[WhiteElo "2007"]
[BlackElo "1967"]
[Annotator "NA RC"]
[PlyCount "57"]
[EventDate "2018.??.??"]
[EventCountry "POL"]
[SourceTitle "playchess.com"]
[Source "ChessBase"]
[SourceQuality "1"]
[WhiteTeam "Finland"]
[BlackTeam "Germany"]
[WhiteTeamCountry "FIN"]
[BlackTeamCountry "GER"]
[TimeControl "40/5400+30:1800+30"]

1. e4 e6 2. d4 d5 3. Nd2 c5 4. Ngf3 Nc6 5. exd5 exd5 6. Be2 Nf6 7. O-O Be7 8. dxc5 Bxc5 9. Nb3 {[%emt 0:00:47] LiveBook: 29 Games} Be7 {[%emt 0:01:35] C08: French Tarrasch: 3...c5 4 exd5 exd5 sidelines} 10. Nfd4 O-O 11. Bf4 a6 12. c3 Na5 $146 ({Find the theoretical novelty and annotate with similar games:} 12... Ne4 13. Qc2 Bd6 14. Bxd6 Qxd6 15. Rad1 Nf6 16. Nxc6 Qxc6 17. Bf3 {1-0 (57) Popov,V (2546)-Golubov,S (2347) St Petersburg 2014}) 13. Nxa5 Qxa5 14. Bd3 g6 15. Re1 Re8 16. Qd2 Qd8 17. h3 Bd7 18. Re2 Bf8 19. Rae1 Qb6 20. Bg5 Rxe2 21. Rxe2 Re8 22. Rxe8 Nxe8 23. Qe2 Qd6 24. Qe3 Ng7 25. Nb3 Bf5 $11 26. Bf4 Qd7 27. g4 Bxd3 28. Qxd3 Ne6 29. Be3 1/2-1/2

[Event "ESTCC U65 2018"]
[Site "Walbrzych"]
[Date "2018.04.15"]
[Round "2"]
[White "Olesen, Poul Erik Norgaard"]
[Black "Marks, Ian A"]
[Result "1-0"]
[ECO "B10"]
[WhiteElo "2005"]
[BlackElo "1895"]
[Annotator "NA RC"]
[PlyCount "63"]
[EventDate "2018.??.??"]
[EventCountry "POL"]
[SourceTitle "playchess.com"]
[Source "ChessBase"]
[SourceQuality "1"]
[WhiteTeam "Denmark"]
[BlackTeam "Scotland"]
[WhiteTeamCountry "DEN"]
[BlackTeamCountry "SCO"]
[TimeControl "40/5400+30:1800+30"]

1. e4 c6 2. d3 d5 3. Nd2 e5 4. Ngf3 Bd6 5. d4 exd4 6. exd5 Nf6 {[%emt 0:00:53] B10: Caro-Kann: 2 d3 and 2 c4} 7. Nxd4 {[%emt 0:13:28] LiveBook: 15 Games} (7. Nc4 Bb4+ 8. Bd2 Bxd2+ 9. Qxd2 cxd5 10. Nce5 O-O 11. O-O-O Nc6 12. Nxc6 bxc6 13. Qxd4 Bg4 14. Bd3 {1-0 (38) Carlsen,M (2832)-So,W (2815) chess.com INT 2017}) 7... Nxd5 8. Qe2+ Qe7 9. Nc4 $146 ({Find the theoretical novelty and annotate with similar games:} 9. Qxe7+ Bxe7 {½-½ (9) Landenbergue,C (2410)-Delemarre,J (2435) Bern 1998}) 9... Qxe2+ 10. Bxe2 Bc7 11. Bf3 Nf4 12. g3 Ne6 13. Nf5 g6 14. Ncd6+ Bxd6 15. Nxd6+ Ke7 16. Nxc8+ Rxc8 17. Be3 Nd7 18. O-O-O Ne5 19. Be2 Rd8 20. f4 Rxd1+ 21. Rxd1 Nd7 22. g4 $14 Rd8 23. f5 Nc7 24. h3 Nd5 25. Bf2 Nf4 26. Bf1 gxf5 27. gxf5 b6 28. Bg3 Nh5 29. Bd6+ Kf6 30. Bc7 Re8 31. Rxd7 Re1+ 32. Rd1 1-0

[Event "ESTCC U65 2018"]
[Site "Walbrzych"]
[Date "2018.04.15"]
[Round "2"]
[White "Lundgren, Ulf"]
[Black "Jorgensen, Arne Bjorn"]
[Result "0-1"]
[ECO "A81"]
[WhiteElo "1989"]
[BlackElo "1956"]
[Annotator "NA RC"]
[PlyCount "37"]
[EventDate "2018.??.??"]
[EventCountry "POL"]
[SourceTitle "playchess.com"]
[Source "ChessBase"]
[SourceQuality "1"]
[WhiteTeam "Sweden"]
[BlackTeam "Denmark"]
[WhiteTeamCountry "SWE"]
[BlackTeamCountry "DEN"]
[TimeControl "40/5400+30:1800+30"]

1. d4 f5 2. g3 Nf6 3. Bg2 g6 4. c4 Bg7 5. e3 O-O 6. Ne2 d6 7. Nbc3 Nc6 8. O-O e5 9. Bxc6 {[%emt 0:09:09] A25: English Opening vs King's Indian with ...Nc6 but without early d3} (9. Rb1 a5 10. a3 Kh8 11. b4 axb4 12. axb4 Ne7 13. Qb3 c6 14. Rd1 e4 15. f3 d5 16. cxd5 Nexd5 17. Nxd5 Nxd5 {0-1 (41) Reinderman,D (2573)-L'Ami,E (2615) Delft 2013}) 9... bxc6 10. dxe5 dxe5 11. Qa4 $146 ({Predecessor:} 11. Qxd8 Rxd8 12. b3 g5 13. Ba3 Re8 14. Rfe1 g4 15. Rad1 h5 16. Kg2 Kf7 {½-½ (34) Raicevic,M (2372)-Kontic,D (2343) Ulcinj 2014}) 11... Bd7 12. b3 Rf7 13. Qa5 Qe7 14. Ba3 ({Much worse is} 14. Qxc7 Qb4 $15) 14... Qe6 15. Kg2 f4 $1 16. exf4 Qh3+ 17. Kf3 Qh5+ 18. Kg2 Bh3+ 19. Kg1 0-1

[Event "ESTCC U65 2018"]
[Site "Walbrzych"]
[Date "2018.04.15"]
[Round "2"]
[White "Lehtosaari, Kalevi"]
[Black "Gromark, Per-Olof"]
[Result "1/2-1/2"]
[ECO "D53"]
[WhiteElo "1964"]
[BlackElo "1901"]
[Annotator "NA RC"]
[PlyCount "37"]
[EventDate "2018.??.??"]
[EventCountry "POL"]
[SourceTitle "playchess.com"]
[Source "ChessBase"]
[SourceQuality "1"]
[WhiteTeam "Finland"]
[BlackTeam "Sweden"]
[WhiteTeamCountry "FIN"]
[BlackTeamCountry "SWE"]
[TimeControl "40/5400+30:1800+30"]

1. c4 e6 2. Nc3 d5 3. d4 Nf6 4. Bg5 Be7 5. e3 Nbd7 6. Nf3 h6 7. Bh4 O-O 8. Bd3 c5 9. O-O b6 10. Re1 Bb7 11. Rc1 Ne4 12. Bxe7 Qxe7 13. Nd2 Nxc3 14. bxc3 dxc4 15. Bxc4 Rac8 16. e4 Rfd8 17. f4 $19 (17. Bf1 $15) 17... Qf6 18. g3 Nf8 19. Nf3 1/2-1/2

[Event "ESTCC U65 2018"]
[Site "Walbrzych"]
[Date "2018.04.15"]
[Round "2"]
[White "Ranki, Martti"]
[Black "Fitzke, Ulrich"]
[Result "1-0"]
[ECO "D30"]
[WhiteElo "1942"]
[BlackElo "1827"]
[Annotator "NA RC"]
[PlyCount "49"]
[EventDate "2018.??.??"]
[EventCountry "POL"]
[SourceTitle "playchess.com"]
[Source "ChessBase"]
[SourceQuality "1"]
[WhiteTeam "Finland"]
[BlackTeam "Germany"]
[WhiteTeamCountry "FIN"]
[BlackTeamCountry "GER"]
[TimeControl "40/5400+30:1800+30"]

1. d4 d5 2. c4 e6 3. Nf3 Nf6 4. Bg5 Be7 5. Nc3 b6 6. e3 Bb7 7. Bd3 Nbd7 {[%emt 0:01:00] E12: Queen's Indian: Unusual White 4th moves, 4 a3, 4 Nc3 Bb7 5 a3 and 4 Nc3 Bb7} 8. O-O c5 (8... O-O 9. Qe2 Ne4 10. Bf4 Nxc3 11. bxc3 Nf6 12. Ne5 Rc8 13. Rac1 c5 14. h3 cxd4 15. cxd4 Ba3 16. Rc2 Qe7 17. Bg5 dxc4 18. Nxc4 {1-0 (39) Zherebukh,Y (2595)-Panchanatham,V (2352) Philadelphia 2016}) 9. Ne5 cxd4 $146 ({Predecessor:} 9... Nxe5 10. dxe5 Ne4 11. Bxe7 Qxe7 12. Qa4+ Qd7 13. Qxd7+ Kxd7 14. Rad1 Nxc3 15. bxc3 {½-½ (39) Schille,A (1127)-Gaul,L (1107) Sebnitz 2012}) 10. exd4 Rc8 11. cxd5 Nxd5 12. Bxe7 Qxe7 13. Bb5 N5f6 14. d5 O-O 15. Nxd7 Nxd7 16. dxe6 Nc5 17. exf7+ Qxf7 18. Qg4 Kh8 19. Rad1 Rcd8 20. Bc4 Qe7 21. h3 Bc8 22. Qh5 g6 23. Qh6 Qf6 24. Qe3 h5 (24... Be6 $16) 25. Qh6# 1-0

[Event "ESTCC U65 2018"]
[Site "Walbrzych"]
[Date "2018.04.15"]
[Round "2"]
[White "Mortensen, Steen Juul"]
[Black "Nilsson, Christer"]
[Result "0-1"]
[ECO "E94"]
[WhiteElo "1940"]
[BlackElo "1931"]
[Annotator "NA RC"]
[PlyCount "134"]
[EventDate "2018.??.??"]
[EventCountry "POL"]
[SourceTitle "playchess.com"]
[Source "ChessBase"]
[SourceQuality "1"]
[WhiteTeam "Denmark"]
[BlackTeam "Sweden"]
[WhiteTeamCountry "DEN"]
[BlackTeamCountry "SWE"]
[TimeControl "40/5400+30:1800+30"]

1. d4 Nf6 2. c4 g6 3. Nc3 Bg7 4. e4 d6 5. Nf3 O-O 6. Be2 {[%emt 0:00:10] LiveBook: 39007 Games} e5 7. O-O Na6 8. dxe5 dxe5 9. Be3 c6 10. Qc2 {[%emt 0:02:58] E94: King's Indian: Classical: 6 Be2 e5 7 0-0: Various Black 7th moves} (10. Qxd8 Rxd8 11. h3 Re8 12. a3 b6 13. b4 Bb7 14. Nd2 Bf8 15. Rfd1 Kg7 16. Nb3 c5 17. bxc5 Nxc5 18. Nxc5 Bxc5 19. Bxc5 bxc5 {0-1 (31) Moradiabadi,E (2576)-Shimanov,A (2642) Burlingame 2017}) 10... Ng4 11. Bg5 Qe8 12. h3 h6 $146 ({Predecessor:} 12... Nf6 13. Rad1 Nd7 14. Rfe1 Nac5 15. b4 Ne6 16. Be3 f5 17. c5 {0-1 (35) Thorn,E (2140)-Wallace,J (2383) Stockholm 2015}) 13. Bd2 Nf6 14. Qc1 Kh7 15. Be3 Qe7 16. Qc2 Nh5 17. Rfe1 Nf4 18. Bf1 Nc5 19. Rad1 Nce6 20. Kh2 Ng5 21. Nxg5+ hxg5 22. g3 Ne6 23. Qd2 Rh8 24. Bg2 Kg8 25. Qd6 Qf6 26. Rh1 Bf8 27. Qd2 Be7 28. Kg1 Kg7 29. Ne2 Rd8 30. Qc1 Bc5 31. Rxd8 Qxd8 32. Bxc5 Nxc5 33. Kh2 Be6 34. Rd1 Qf6 35. f3 (35. Qe3 $142 b6 36. b3) 35... Rd8 36. Rxd8 Qxd8 37. Qe3 b6 38. b3 f6 39. f4 gxf4 40. gxf4 Qd3 41. Qxd3 Nxd3 42. fxe5 fxe5 43. Kg3 Kf6 44. Bf3 a5 45. Bg4 Nc5 46. Bxe6 Nxe4+ 47. Kg4 Kxe6 48. h4 c5 (48... b5 $19 49. Nc1 bxc4 50. bxc4 Kf6) 49. h5 gxh5+ 50. Kxh5 Kf5 51. Kh4 Nf6 52. Kg3 e4 (52... Ke4 $142 53. Kf2 Kd3) 53. Nc3 Ke5 54. Ne2 Ne8 55. Kf2 Nd6 56. Ke3 Nf5+ 57. Kd2 (57. Kf2 $142 a4 58. bxa4) 57... Nd4 58. Nc3 Kf4 59. Nd5+ Kf3 60. Ne3 Ne6 61. Nd5 Kf2 62. Ne3 Nf4 $2 (62... Nf8 $19 63. Ng4+ Kf3 64. Nh2+ Kf2 65. Ng4+ Kg3) 63. Ng4+ $1 Kg3 $11 64. Ne3 $2 (64. Ne5 $11 a4 65. Ke3 axb3 66. axb3) 64... Kf3 65. Nf1 Ng2 $19 66. Nh2+ Kg3 67. Nf1+ Kf2 0-1

[Event "ESTCC U65 2018"]
[Site "Walbrzych"]
[Date "2018.04.15"]
[Round "2"]
[White "Just, Joachim"]
[Black "Kauko, Pekka"]
[Result "1-0"]
[ECO "D03"]
[WhiteElo "1928"]
[BlackElo "1961"]
[Annotator "NA RC"]
[PlyCount "107"]
[EventDate "2018.??.??"]
[EventCountry "POL"]
[SourceTitle "playchess.com"]
[Source "ChessBase"]
[SourceQuality "1"]
[WhiteTeam "Germany"]
[BlackTeam "Finland"]
[WhiteTeamCountry "GER"]
[BlackTeamCountry "FIN"]
[TimeControl "40/5400+30:1800+30"]

1. d4 Nf6 2. Bg5 d5 3. Nf3 e6 4. e3 c5 5. c3 Be7 6. Nbd2 O-O {[%emt 0:00:38] D03: 1 d4 d5 2 Nf3 Nf6 3 Bg5, including Torre Attack with early ...d5} 7. Ne5 (7. Bd3 b6 8. O-O Ba6 9. Bxa6 Nxa6 10. Ne5 Nb8 11. Rc1 Nfd7 12. Bxe7 Qxe7 13. f4 Nxe5 14. fxe5 Nd7 15. Qe2 f6 16. exf6 Rxf6 17. Rxf6 Nxf6 {½-½ (42) Radjabov,T (2710)-Naiditsch,A (2687) Doha 2016}) 7... Nfd7 8. Bxe7 Qxe7 9. Ndf3 b6 10. Be2 Bb7 11. O-O f6 12. Nxd7 Nxd7 13. Bb5 $146 ({Predecessor:} 13. Nd2 e5 14. f4 cxd4 15. exd4 exd4 16. cxd4 {0-1 (43) Bauner,J (2032)-Borsos,B (2228) Aalborg 2014}) 13... a6 14. Ba4 Rad8 15. Bc2 e5 16. Nh4 f5 (16... g6 $11) 17. Nxf5 Qf6 18. Ng3 Qe6 19. Qh5 g6 20. Qh4 Nf6 21. Qg5 Kh8 22. Qxe5 Qxe5 23. dxe5 Ng4 24. e6 Rde8 25. e4 Rxe6 26. exd5 Bxd5 27. h3 Nf6 28. Rfd1 Rfe8 29. Bb3 c4 30. Bc2 Kg7 31. Kf1 h5 32. Rd4 Re5 33. Rad1 b5 34. a4 $14 ({White should try} 34. a3 $16) 34... R8e7 35. f3 Bb7 36. h4 a5 37. Rd6 b4 38. cxb4 axb4 39. Rb6 b3 40. Bb1 R5e6 41. Rxe6 Rxe6 42. Ne2 Nd5 43. Kf2 Bc6 44. Nd4 Bd7 45. Nxe6+ Bxe6 46. Be4 Nb4 47. a5 Kf6 48. Rd6 Ke5 49. Rb6 Na2 50. a6 c3 51. bxc3 Nxc3 52. Bxg6 Bd5 53. a7 b2 54. Ke1 1-0

[Event "ESTCC U65 2018"]
[Site "Walbrzych"]
[Date "2018.04.15"]
[Round "2"]
[White "Gustavsson, Bo"]
[Black "Koskinen, Veikko"]
[Result "1/2-1/2"]
[ECO "A89"]
[WhiteElo "1915"]
[BlackElo "2012"]
[Annotator "NA RC"]
[PlyCount "30"]
[EventDate "2018.??.??"]
[EventCountry "POL"]
[SourceTitle "playchess.com"]
[Source "ChessBase"]
[SourceQuality "1"]
[WhiteTeam "Sweden"]
[BlackTeam "Finland"]
[WhiteTeamCountry "SWE"]
[BlackTeamCountry "FIN"]
[TimeControl "40/5400+30:1800+30"]

1. Nf3 f5 2. c4 Nf6 3. Nc3 g6 4. d4 Bg7 5. g3 O-O 6. Bg2 d6 7. O-O Nc6 8. d5 Ne5 9. Nxe5 dxe5 10. e4 f4 11. f3 g5 12. g4 h5 13. h3 $11 {[%emt 0:00:24] LiveBook: 5 Games} hxg4 14. hxg4 c6 15. Rf2 Qd6 1/2-1/2

[Event "ESTCC U65 2018"]
[Site "Walbrzych"]
[Date "2018.04.15"]
[Round "2"]
[White "Vehkalahti, Veli"]
[Black "Hedin, Gunnar"]
[Result "0-1"]
[ECO "A88"]
[WhiteElo "1880"]
[BlackElo "2174"]
[Annotator "RC"]
[PlyCount "100"]
[EventDate "2018.??.??"]
[EventCountry "POL"]
[SourceTitle "playchess.com"]
[Source "ChessBase"]
[SourceQuality "1"]
[WhiteTeam "Finland"]
[BlackTeam "Sweden"]
[WhiteTeamCountry "FIN"]
[BlackTeamCountry "SWE"]
[TimeControl "40/5400+30:1800+30"]

1. d4 f5 2. c4 Nf6 3. g3 g6 4. Bg2 Bg7 5. Nf3 O-O 6. O-O d6 7. Nc3 c6 8. Bf4 h6 9. Qc2 Nh5 10. Bd2 e5 11. dxe5 dxe5 12. Rad1 Qe8 13. e4 f4 14. Ne2 g5 15. Ne1 g4 16. f3 Na6 17. gxf4 exf4 18. Bc3 Qg6 19. Bxg7 Qxg7 20. Rd6 g3 21. Qd2 gxh2+ 22. Kh1 Nc7 23. Rd8 Be6 24. Rxa8 Nxa8 25. b3 Nc7 26. Nd3 Qg5 27. Nf2 Kh7 28. Bh3 Rg8 29. Bg4 Ng3+ 30. Nxg3 fxg3 31. Qxg5 Rxg5 32. Nh3 Rg7 33. Nf4 Bxg4 34. fxg4 Rxg4 35. Kg2 Ne8 36. Nh5 Rxe4 37. Nxg3 Re7 38. Kxh2 Kg6 39. Kg2 Nf6 40. Rf2 Re5 41. Rd2 Rg5 42. Rd4 Nh5 43. Rd6+ Kh7 44. Rd7+ Kg8 45. Rxb7 Rxg3+ 46. Kh2 Rg7 47. Rb4 Nf4 48. Ra4 Nd3 49. a3 Nc5 50. Rb4 Rb7 0-1

[Event "ESTCC U65 2018"]
[Site "Walbrzych"]
[Date "2018.04.15"]
[Round "2"]
[White "Dalling, Peter"]
[Black "Ruotanen, Helge"]
[Result "1/2-1/2"]
[ECO "B06"]
[WhiteElo "1844"]
[BlackElo "1921"]
[Annotator "NA RC"]
[PlyCount "40"]
[EventDate "2018.??.??"]
[EventCountry "POL"]
[SourceTitle "playchess.com"]
[Source "ChessBase"]
[SourceQuality "1"]
[WhiteTeam "Sweden"]
[BlackTeam "Finland"]
[WhiteTeamCountry "SWE"]
[BlackTeamCountry "FIN"]
[TimeControl "40/5400+30:1800+30"]

1. e4 g6 2. d4 d6 3. Nf3 Bg7 4. Be3 Nf6 5. Nc3 c6 6. h3 O-O 7. Qd2 e5 8. dxe5 dxe5 9. Qxd8 Rxd8 10. Bc4 Nbd7 11. O-O-O Rf8 12. g4 b5 13. Bd3 Re8 14. g5 Nh5 15. Be2 Bf8 16. Nh2 Ng7 17. Ng4 $14 Nh5 18. Nh2 Ng7 19. Ng4 Nh5 20. Nh2 Ng7 1/2-1/2

[Event "ESTCC U65 2018"]
[Site "Walbrzych"]
[Date "2018.04.15"]
[Round "2"]
[White "Rintakoski, Pentti"]
[Black "Andersson, Kenneth"]
[Result "1/2-1/2"]
[ECO "B20"]
[WhiteElo "1797"]
[BlackElo "1763"]
[Annotator "NA RC"]
[PlyCount "40"]
[EventDate "2018.??.??"]
[EventCountry "POL"]
[SourceTitle "playchess.com"]
[Source "ChessBase"]
[SourceQuality "1"]
[WhiteTeam "Finland"]
[BlackTeam "Sweden"]
[WhiteTeamCountry "FIN"]
[BlackTeamCountry "SWE"]
[TimeControl "40/5400+30:1800+30"]

1. e4 c5 2. Bc4 Nc6 3. Nf3 e6 4. c3 d5 5. exd5 exd5 6. Bb3 Nf6 7. O-O Be7 8. d3 h6 9. Re1 O-O 10. h3 Be6 11. Bf4 Qd7 12. Nbd2 Bf5 13. Nf1 Rad8 14. Qd2 Bd6 15. Ng3 Be6 16. Bc2 d4 17. Bxd6 Qxd6 18. Ne4 Nxe4 19. dxe4 Ne5 20. Nxe5 Qxe5 1/2-1/2

[Event "ESTCC U65 2018"]
[Site "Walbrzych"]
[Date "2018.04.16"]
[Round "3"]
[White "Jorgensen, Brian Jorgen"]
[Black "Hurme, Harri"]
[Result "1-0"]
[ECO "A46"]
[WhiteElo "2255"]
[BlackElo "2229"]
[Annotator "NA RC"]
[PlyCount "83"]
[EventDate "2018.??.??"]
[EventCountry "POL"]
[SourceTitle "playchess.com"]
[Source "ChessBase"]
[SourceQuality "1"]
[WhiteTeam "Denmark"]
[BlackTeam "Finland"]
[WhiteTeamCountry "DEN"]
[BlackTeamCountry "FIN"]
[TimeControl "40/5400+30:1800+30"]

1. d4 Nf6 2. Nf3 d5 3. g3 e6 4. Bg2 c5 5. O-O Nc6 6. c4 {[%emt 0:02:21] LiveBook: 1679 Games} cxd4 7. cxd5 Nxd5 8. Nxd4 Bd7 9. Nc3 {[%emt 0:13:58] E01: Catalan: Early deviations} Nxc3 10. bxc3 Be7 11. Nxc6 Bxc6 12. Bxc6+ bxc6 13. Qa4 O-O 14. Be3 Qc7 $146 ({Predecessor:} 14... Qd5 15. Rab1 Bc5 16. Rfd1 Qf5 {½-½ (30) Deepan Chakkravarthy,J (2461)-Karthikeyan,P (2414) Melaka 2012}) 15. Rab1 Rfd8 16. Qa6 Rd7 17. Rfd1 Rxd1+ 18. Rxd1 h5 19. h4 c5 20. Bf4 Qb6 $11 21. Qa4 Bf6 22. c4 Rd8 23. Rxd8+ Qxd8 24. Qb3 Qd7 25. Kg2 g6 26. a4 e5 27. Be3 a6 28. Qb6 Kg7 29. Qxa6 e4 30. Bh6+ Kxh6 31. Qxf6 Kh7 32. a5 Kg8 33. Qe5 Qg4 34. Qxc5 Qxe2 35. a6 Qa2 36. a7 Kh7 37. Qd4 Qa6 38. Qc5 Kg7 39. Qe5+ Kh7 40. Qb8 Qa3 41. a8=Q Qf3+ 42. Kg1 1-0

[Event "ESTCC U65 2018"]
[Site "Walbrzych"]
[Date "2018.04.16"]
[Round "3"]
[White "Kradolfer, Georg"]
[Black "Rantanen, Veikko"]
[Result "1/2-1/2"]
[ECO "A15"]
[WhiteElo "2084"]
[BlackElo "2007"]
[Annotator "NA RC"]
[PlyCount "68"]
[EventDate "2018.??.??"]
[EventCountry "POL"]
[SourceTitle "playchess.com"]
[Source "ChessBase"]
[SourceQuality "1"]
[WhiteTeam "Switzerland"]
[BlackTeam "Finland"]
[WhiteTeamCountry "SUI"]
[BlackTeamCountry "FIN"]
[TimeControl "40/5400+30:1800+30"]

1. c4 Nf6 2. Nf3 g6 3. g3 Bg7 4. Bg2 c5 5. O-O Nc6 6. d4 cxd4 7. Nxd4 O-O 8. Nc3 Qb6 {[%emt 0:12:05] LiveBook: 163 Games} 9. Nxc6 dxc6 10. Qc2 {[%emt 0:09:07] A39: Symmetrical English vs ...g6: 4 Bg2 Bg7 5 Nf3 Nf6 6 0-0 0-0 7 d4} e5 (10... Be6 11. b3 Rad8 12. Bb2 Rd7 13. Rad1 Rfd8 14. Rxd7 Rxd7 15. Rd1 Qd8 16. Rxd7 Qxd7 {½-½ (16) Popchev,M (2413)-Georgiev,K (2504) Sofia 2006}) 11. Bg5 $146 ({Predecessor:} 11. Be3 Qc7 12. Rad1 Ng4 13. Bc5 Rd8 14. h3 Nf6 15. Rxd8+ Qxd8 16. Rd1 Qe8 17. b3 Bf8 18. Bxf8 Kxf8 {1-0 (40) Astapov,V (1827)-Komarov,J (1839) Saratov 2017}) 11... Bf5 12. e4 Be6 13. b3 h6 14. Be3 Qc7 15. Rfd1 b6 16. Rd2 (16. f3 $11) 16... Ng4 17. Re1 Rfd8 18. Rxd8+ Rxd8 19. Bc1 Nf6 20. Rd1 Rxd1+ 21. Qxd1 Qd7 22. Qxd7 Nxd7 23. Be3 Bf8 24. Kf1 h5 25. h4 f6 26. f3 Kf7 27. Ke2 Bb4 28. Nb1 $15 Ke7 29. Kd1 Bc5 30. Kd2 Kd6 31. Bf1 Bb4+ 32. Kd1 Bc5 33. Kd2 Bb4+ 34. Kd1 Bc5 1/2-1/2

[Event "ESTCC U65 2018"]
[Site "Walbrzych"]
[Date "2018.04.16"]
[Round "3"]
[White "Koskinen, Veikko"]
[Black "Auvinen, Esa"]
[Result "1/2-1/2"]
[ECO "A08"]
[WhiteElo "2012"]
[BlackElo "1888"]
[Annotator "NA RC"]
[PlyCount "25"]
[EventDate "2018.??.??"]
[EventCountry "POL"]
[SourceTitle "playchess.com"]
[Source "ChessBase"]
[SourceQuality "1"]
[WhiteTeam "Finland"]
[BlackTeam "Finland"]
[WhiteTeamCountry "FIN"]
[BlackTeamCountry "FIN"]
[TimeControl "40/5400+30:1800+30"]

1. Nf3 d5 2. g3 c5 3. Bg2 Nc6 4. O-O e5 5. d3 Nf6 6. Bg5 Be7 7. Nfd2 Be6 8. Bxf6 Bxf6 9. Nc3 O-O 10. e4 dxe4 $11 11. dxe4 g6 12. Nd5 Bg7 13. Ne3 1/2-1/2